 Dungeon Crawl Stone Soup version 0.17-a0-1642-gd4b747b (webtiles) character file.

200 nuthulu the Sneak (level 5, -5/27 HPs)
             Began as a Spriggan Assassin on Aug 8, 2015.
             Slain by an orc
             ... wielding a +6 hand axe of venom
              (7 damage)
             ... on level 3 of the Dungeon.
             The game lasted 00:10:23 (2968 turns).

nuthulu the Sneak (Spriggan Assassin)               Turns: 2968, Time: 00:10:24

Health: -5/27      AC:  3    Str:  7    XL:     5   Next: 49%
Magic:  6/6        EV: 19    Int: 12    God:
Gold:   104        SH:  0    Dex: 19    Spells: 0 memorised, 4 levels left

rFire  . . .     SeeInvis +     a - +3 dagger
rCold  . . .     Clarity  .     c - +0 robe
rNeg   + . .     SustAt   .     (shield restricted)
rPois  .         Gourm    .     (helmet restricted)
rElec  .         Spirit   .     d - +0 cloak
rCorr  .         Warding  .     (gloves unavailable)
rMut   .         Stasis   .     (boots unavailable)
MR     .....                    (no amulet)
Stlth  ++++......               (no ring)
                                j - ring of positive energy

@: lethally poisoned (-5 -> -10), very slightly contaminated, hasted, invisible,
very quick, not resistant to hostile enchantments, stealthy
A: unfitting armour, see invisible, herbivore 3, speed 3, slow metabolism 2
a: no special abilities


You were on level 3 of the Dungeon.
You were not hungry.

You visited 1 branch of the dungeon, and saw 3 of its levels.

You collected 104 gold pieces.

Inventory:

Hand weapons
 a - a +3 dagger (weapon)
 b - a +0 blowgun
Missiles
 e - 14 poisoned needles (quivered)
 m - 2 curare-tipped needles
Armour
 c - a +0 robe (worn)
 d - a +0 cloak (worn)
Jewellery
 j - a ring of positive energy (left hand)
 n - an uncursed amulet of regeneration {unknown}
Magical devices
 f - a wand of polymorph (9)
Scrolls
 h - 2 scrolls of fog
Potions
 k - a potion of lignification
 p - a potion of haste
 q - a potion of heal wounds {unknown}
Comestibles
 g - a bread ration
 i - a slice of pizza
 l - a royal jelly


   Skills:
 + Level 2.4 Fighting
 + Level 3.2 Short Blades
 + Level 3.5 Throwing
 + Level 3.7 Dodging
 + Level 7.1 Stealth


You had 4 spell levels left.
You didn't know any spells.

Dungeon Overview and Level Annotations

Branches:
Dungeon (3/15)

Altars:
Ashenzari


Innate Abilities, Weirdness & Mutations

You are tiny and cannot use many weapons and most armour.
You have supernaturally acute eyesight.
You are a herbivore.
You cover ground extremely quickly.
You need consume almost no food.


Message History

You feel sick. The orc wizard hits you with a dagger.
The orc completely misses you. The orc wizard hits you with a dagger.
Tossing away (i - inventory):
e - 15 poisoned needles (quivered)
Press: ? - help, Shift-Dir - straight line, f/p - orc wizard
Aim: an orc wizard, wielding a dagger and wearing a robe You toss away a poisoned needle.
The poisoned needle hits the orc wizard!
You feel sick. The orc closely misses you.
The orc wizard hits you but does no damage.
Drink which item? (? for menu, Esc to quit)
You feel yourself speed up.
You feel sick. The orc misses you.
The orc wizard points at you and mumbles some strange words.
The puff of flame hits you!
* * * LOW HITPOINT WARNING * * *
You are very lightly contaminated with residual magic.
Drink which item? (? for menu, Esc to quit)
It was a potion of invisibility.
You fade into invisibility!
The orc hits you with a hand axe of venom!
You die...

###### ##########....#
#.......##....# ##
#.......##....# #.
#...)..(##....# #.
#.......##....# #.
#.).....##....### ##
+>).o@..')....'.######
#..(o...##....#.#.....
.....(((#############.#.....
.......... ................
...(...##.# #.########.....<
....... ..# #.# #.....#
....... #.# #.# #.....#
........#.# #.# #.....#
........#.###.#########..###


You could see an orc wizard and an orc.

Vanquished Creatures
  An orc wizard (D:3)
  Terence (D:2)
  7 adders (D:2)
  3 gnolls (D:2)
  An ooze (D:2)
  2 worms (D:2)
  A giant gecko (D:2)
  2 orcs (D:3)
  2 ball pythons
  5 bats (D:2)
  3 goblins
  4 hobgoblins
  A quokka (D:3)
  A giant cockroach (D:2)
  3 giant newts
  4 kobolds
  6 rats (D:2)
47 creatures vanquished.

Notes
Turn   | Place    | Note
--------------------------------------------------------------
     0 | D:1      | nuthulu the Spriggan Assassin began the quest for the Orb.
     0 | D:1      | Reached XP level 1. HP: 10/10 MP: 2/2
   185 | D:1      | Reached skill level 6 in Stealth
   693 | D:2      | Reached XP level 2. HP: 15/15 MP: 3/3
  1213 | D:2      | Reached XP level 3. HP: 16/18 MP: 4/4
  1600 | D:2      | Reached XP level 4. HP: 12/23 MP: 5/5
  2043 | D:2      | Noticed Terence
  2155 | D:2      | Killed Terence
  2155 | D:2      | Reached skill level 7 in Stealth
  2271 | D:2      | Reached XP level 5. HP: 26/26 MP: 6/6
  2539 | D:3      | Found a shattered altar of Ashenzari.
  2679 | D:3      | Noticed an ogre
  2968 | D:3      | Slain by an orc

Vault maps used:
D:1:      dpeg_arrival_snail, serial_forest, infiniplex_forest_clump_large,
          infiniplex_forest_clump_medium, infiniplex_forest_lined_room_3,
          infiniplex_forest_clump_double, infiniplex_forest_lined_3
D:2:      minmay_rat_gold_closets, uniq_terence
D:3:      grunt_dithmenos_smoke_and_mirrors, ashenzari_altar_1

Action                   |  1- 3 |  4- 6 || total
-------------------------+-------+-------++-------
Melee: Dagger            |    49 |    53 ||   102
 Fire: Blowgun           |     8 |    20 ||    28
  Use: Scroll            |     4 |     4 ||     8
       Potion            |       |     2 ||     2
 Stab: Sleeping          |    11 |     6 ||    17
